 Dungeon Sprint DCSS version 0.31-a0-43-g46d131a48f (webtiles) character file.

Game seed: 9825490990137626103

20384310 bmack86 the Conqueror (level 19, 207/207 HPs)
             Began as a Minotaur Fighter on May 19, 2023.
             Was the Champion of Okawaru.
             Escaped with the Orb
             ... and 5 runes!
             The game lasted 01:02:44 (7902 turns).

bmack86 the Conqueror (Minotaur Fighter)            Turns: 7902, Time: 01:02:45

Health: 207/207    AC: 34    Str: 33    XL:     19   Next: 98%
Magic:  35/35      EV: 20    Int:  5    God:    Okawaru [******]
Gold:   880        SH: 34    Dex: 13    Spells: 18/18 levels left

rFire   . . .        N - +8 trishula "Condemnation" {holy, anguish, *Noise Fly rN+}
rCold   . . .        V - +5 tower shield
rNeg    + + .        O - +6 plate armour {Will+}
rPois   +            n - +1 hat {SInv}
rElec   .            S - scarf "Dyon" {repulsion, rF+ Slay+2}
rCorr   +            I - +0 pair of gloves "Loalob" {Will+ Dex+4 Stlth+}
SInv    +            F - +1 pair of boots "Arareh" {Regen+}
Will    +++..        A - amulet of Riuskous {Reflect rF- rN+ Regen+ SH+5}
Stlth   ++           C - ring of the Floral Tangerine {rPois Int+3 Slay+2}
HPRegen 2.14/turn    D - ring of Divine Compulsion {Fly rCorr Str+3 Int-3 Slay+5}
MPRegen 0.24/turn

%: no teleportation, repel missiles, reflection
@: flying
A: horns 2, retaliatory headbutt
0: Orb of Zot
}: 5/17 runes: decaying, serpentine, barnacled, silver, gossamer
a: Renounce Religion, Heroism, Finesse


You escaped.
You worshipped Okawaru.
Okawaru was exalted by your worship.
You visited 1 branch You collected 1959 gold pieces.
You spent 1079 gold pieces at shops.

Inventory:

Hand Weapons
 N - the +8 trishula "Condemnation" (weapon) {holy, anguish, *Noise Fly rN+}
   (You found it in the Dungeon)

   rN:        It protects you from negative energy.
   Fly:       It grants you flight.
   *Noise:    It may make noises in combat.
 U - the +16 obsidian axe {drain, demonic, Mesm Drain Fly SInv}
   (You found it in the Dungeon)

   Mesm:      Its wielder is mesmerised by any visible foes, and it cannot be
   unequipped while any foes are visible.
   SInv:      It lets you see invisible.
   Fly:       It grants you flight.
   Drain:     It drains your maximum health when unequipped.
 Y - the +12 lance "Wyrmbane" {slay drac, rPois rF+ rC+ AC+3}
   (You found it in the Dungeon)

   AC:        It affects your AC (+3).
   rF:        It protects you from fire.
   rC:        It protects you from cold.
   rPois:     It protects you from poison.
 Z - a +0 heavy executioner's axe
Missiles
 d - 13 poisoned darts
 y - 6 silver javelins (quivered)
 z - 2 curare-tipped darts
 B - 15 javelins
 W - 7 atropa-tipped darts
Armour
 n - a +1 hat of see invisible (worn)
 F - the +1 pair of boots "Arareh" (worn) {Regen+}
   (You bought it in a shop in the Dungeon)

   Regen:     It increases your rate of health regeneration.
 I - the +0 pair of gloves "Loalob" (worn) {Will+ Dex+4 Stlth+}
   (You bought it in a shop in the Dungeon)

   Dex:       It affects your dexterity (+4).
   Will:      It increases your willpower.
   Stlth:     It makes you more stealthy.
 O - a +6 plate armour of willpower (worn)
 S - the scarf "Dyon" (worn) {repulsion, rF+ Slay+2}
   (Okawaru gifted it to you in the Dungeon)

   Slay:      It affects your accuracy & damage with ranged weapons and melee
   (+2).
   rF:        It protects you from fire.
 V - a +5 tower shield (worn)
Jewellery
 A - the amulet of Riuskous (around neck) {Reflect rF- rN+ Regen+ SH+5}
   (You found it in the Dungeon)

   [amulet of reflection]

   It reflects blocked missile attacks.
   rF:        It makes you vulnerable to fire.
   rN:        It protects you from negative energy.
   Regen:     It increases your rate of health regeneration.
   SH:        It affects your SH (+5).
 C - the ring of the Floral Tangerine (left hand) {rPois Int+3 Slay+2}
   (You found it in the Dungeon)

   [ring of intelligence]

   Int:       It affects your intelligence (+3).
   Slay:      It affects your accuracy & damage with ranged weapons and melee
   (+2).
   rPois:     It protects you from poison.
 D - the ring of Divine Compulsion (right hand) {Fly rCorr Str+3 Int-3 Slay+5}
   (You found it in the Dungeon)

   [ring of strength]

   Str:       It affects your strength (+3).
   Int:       It affects your intelligence (-3).
   Slay:      It affects your accuracy & damage with ranged weapons and melee
   (+5).
   Fly:       It grants you flight.
   rCorr:     It protects you from acid and corrosion.
 G - the ring of Miezuzay {Drain rElec rC++ rN+++ Str+3}
   (You found it in the Dungeon)

   [ring of strength]

   Str:       It affects your strength (+3).
   rC:        It greatly protects you from cold.
   rElec:     It insulates you from electricity.
   rN:        It renders you almost immune to negative energy.
   Drain:     It drains your maximum health when unequipped.
 J - a ring of willpower
 M - a ring of protection from fire
 R - a +3 ring of slaying
 T - a +6 ring of intelligence
 X - a +2 ring of slaying
Wands
 m - a wand of acid (10)
Scrolls
 j - 3 scrolls of blinking
 l - 5 scrolls of fog
 w - 6 scrolls of fear
Potions
 e - 10 potions of curing
 f - 4 potions of heal wounds
 g - 9 potions of haste
 h - 10 potions of magic
 i - 5 potions of berserk rage
 k - a potion of invisibility
 o - a potion of cancellation
 s - a potion of lignification
 t - 3 potions of mutation
 u - 4 potions of brilliance
 H - 3 potions of might


   Skills:
 O Level 27 Fighting
 - Level 8.7(23.8) Axes
 - Level 22.4(22.9) Maces & Flails
 O Level 27 Polearms
 O Level 27 Throwing
 O Level 27 Armour
 + Level 26.2 Dodging
 + Level 22.5 Stealth
 O Level 27 Shields
 O Level 27 Invocations
 + Level 22.5 Evocations


You had 18 spell levels left.
You didn't know any spells.
Your spell library contained the following spells:

 Spells                   Type           Power      Damage    Failure   Level
 Shock                    Conj/Air       0%         1d3       80%         1
 Stone Arrow              Conj/Erth      0%         3d7       99%         3
 Swiftness                Air            0%         N/A       99%         3
 Airstrike                Air            0%         2d(0-16)  100%        4
 Lehudib's Crystal Spear  Conj/Erth      0%         10d2      100%        8
 Animate Armour           Summ/Erth      Unusable   N/A       N/A         4

Dungeon Overview and Level Annotations

Branches:
Dungeon (1/1)

Altars:
Cheibriados
Dithmenos
Elyvilon
Fedhas
Gozag
Hepliaklqana
Kikubaaqudgha
Makhleb
Nemelex Xobeh
Okawaru
Qazlal
Ru
Sif Muna
Trog
Uskayaw
Vehumet
Wu Jian
Xom
Yredelemnul
Zin
The Shining One
Jiyva
Lugonu

Shops:
D ![[[


Innate Abilities, Weirdness & Mutations

You have a pair of horns on your head.
You reflexively headbutt those who attack you in melee.


Message History

Okawaru accepts your kill.
A sun demon comes into view.
The balrug gestures at you. The bolt of fire misses you.
There is an open door, spattered with blood here.
You perforate the balrug like a sieve!!!
The balrug convulses!!
The balrug is haunted by guilt!
You headbutt the balrug!
The balrug is almost dead.
The balrug gestures at you. Something smites you!
The balrug is wracked by anguish!
The balrug dies!
Okawaru accepts your kill.
A chaos spawn comes into view.
You see here a +0 demon whip of draining.
The chaos spawn screeches!
You block the sun demon's attack.
You closely miss the sun demon. You headbutt the sun demon!
The sun demon is lightly wounded.
You block the sun demon's attack.
You completely miss the sun demon.
The sun demon is lightly wounded.
You block the sun demon's attack.
You impale the sun demon!!
The sun demon convulses!
You kill the sun demon!
Okawaru accepts your kill. You block the chaos spawn's attack.
You puncture the chaos spawn!
The chaos spawn convulses!
The chaos spawn is haunted by guilt!
The trishula "Condemnation" sings the divine song of the Barachim.
You headbutt the chaos spawn.
You kill the chaos spawn!
Okawaru accepts your kill.
The chaos spawn degenerates into a cloud of primal chaos!
Really fly into that cloud of seething chaos? [Y]es or [N]o only, please.
Really fly into that cloud of seething chaos?
Okay, then.
There is an open door to the Dungeon here.
There is a staircase leading out of the dungeon here.
You have escaped!

▓.▓.▓.▓.▓.▓.▓.▓.▓.
▓.▓.▓'▓.▓.▓.▓.▓.▓.
▓.▓.▓.▓.▓.▓.▓.▓.▓.
▓.▓.▓.▓.▓.▓.▓.▓.▓.
▓'▓.▓.▓.▓.▓.▓.▓.▓.
▓.▓.▓.▓.▓)▓.▓.▓.▓.
▓.▓.▓.▓.▓.▓.▓.▓.▓.
▓.▓.▓.▓.▓.▓.▓.▓.▓.
▓@▓...▓...▓...▓...
▓▓▓▓▓▓▓▓▓▓▓▓▓▓▓▓▓▓


There were no monsters in sight!

Vanquished Creatures
  4 orbs of fire (D)
  Mara (D)
  4 ancient liches (D)
  A Killer Klown (D)
  Saint Roka (D)
  Xtahua (D)
  Frederick (D)
  2 golden dragons (D)
  Jory (D)
  2 electric golems (D)
  2 Brimstone Fiends (D)
  2 Hell Sentinels (D)
  3 Tzitzimimeh (D)
  An Ice Fiend (D)
  6 tentacled monstrosities (D)
  35 Orb Guardians (D)
  Rupert (D)
  4 pandemonium lords (D)
  A lich (D)
  A titan (D)
  An Executioner (D)
  2 quicksilver dragons (D)
  3 death cobs (D)
  2 sphinxes (D)
  Frances (D)
  8 nagarajas (D)
  A draconian monk (D)
  4 storm dragons (D)
  7 shadow dragons (D)
  A tengu reaver (D)
  Agnes (D)
  A demonspawn warmonger (D)
  A fire giant (D)
  An emperor scorpion (D)
  Ilsuiw (D)
  5 frost giants (D)
  A vault warden (D)
  A draconian shifter (D)
  6 ghost moths (D)
  Louise (D)
  3 balrugs (D)
  A spriggan defender (D)
  A draconian stormcaller (D)
  9 stone giants (D)
  A draconian annihilator (D)
  A reaper (D)
  3 very ugly things (D)
  5 ironbound preservers (D)
  A demonspawn black sun (D)
  A black draconian (D)
  A purple draconian (D)
  Azrael (D)
  A red draconian (D)
  3 green draconians (D)
  2 dire elephants (D)
  A lorocyproca (D)
  5 white draconians (D)
  5 yellow draconians (D)
  5 blizzard demons (D)
  A bunyip (D)
  Snorg (D)
  4 fire dragons (D)
  2 entropy weavers (D)
  5 merfolk javelineers (D)
  3 ettins (D)
  A green death (D)
  6 merfolk impalers (D)
  3 hell beasts (D)
  2 yaktaur captains (D)
  5 ice dragons (D)
  A catoblepas (D)
  25 vault guards (D)
  5 ogre magi (D)
  5 hydras (D)
  An alligator snapping turtle (D)
  A spriggan air mage (D)
  A jorogumo (D)
  An anaconda (D)
  6 two-headed ogres (D)
  An ironbound frostheart (D)
  3 tengu warriors (D)
  A death knight (D)
  3 centaur warriors (D)
  2 merfolk aquamancers (D)
  A merfolk avatar (D)
  2 naga warriors (D)
  A deep troll shaman (D)
  A death yak (D)
  2 deep troll earth magi (D)
  4 hell knights (D)
  16 sun demons (D)
  Nergalle (D)
  2 shock serpents (D)
  A spriggan (D)
  A skyshark (D)
  A skeletal warrior (D)
  2 sixfirhies (D)
  7 swamp dragons (D)
  A shadow wraith (D)
  2 spriggan druids (D)
  A glowing orange brain (D)
  2 sea snakes (D)
  2 wizards (D)
  2 lindwurms (D)
  3 orc knights (D)
  A harpy (D)
  3 ironbound convokers (D)
  2 naga ritualists (D)
  3 wolf spiders (D)
  A phantasmal warrior (D)
  4 necromancers (D)
  3 deep elf pyromancers (D)
  An ugly thing (D)
  14 moths of wrath (D)
  A manticore (D)
  7 elephants (D)
  2 will-o-the-wisps (D)
  2 vault sentinels (D)
  3 black mambas (D)
  3 naga magi (D)
  5 demonic crawlers (D)
  3 orange demons (D)
  A torpor snail (D)
  A cane toad (D)
  A hellion (D)
  2 komodo dragons (D)
  A kobold demonologist (D)
  A rime drake (D)
  A troll (D)
  3 ice devils (D)
  A tengu conjurer (D)
  A guardian mummy (D)
  A wind drake (D)
  A hornet (D)
  2 hellwings (D)
  A jumping spider (shapeshifter) (D)
  5 slime creatures (D)
  A ynoxinul (D)
  A culicivora (D)
  Eustachio (D)
  A water elemental (D)
  2 yaks (D)
  2 fire elementals (D)
  A wyvern (D)
  A chaos spawn (D)
  2 redbacks (D)
  A warg (D)
  A naga (D)
  3 acid dragons (D)
  3 hell hounds (D)
  3 water moccasins (D)
  10 orc warriors (D)
  2 swamp drakes (D)
  3 ogres (D)
  A centaur (D)
  2 kobold brigands (D)
  5 bullfrogs (D)
  A howler monkey (D)
  4 orc priests (D)
  A hound (D)
  7 orc wizards (D)
  An adder (D)
  An ufetubus (D)
  A dart slug (D)
  8 orcs (D)
  2 endoplasms (D)
  A jackal (D)
  2 ball pythons (D)
473 creatures vanquished.

Vanquished Creatures (others)
  A pandemonium lord (D)
  Margery (D)
  A Tzitzimitl (D)
  A Brimstone Fiend (D)
  An Ice Fiend (D)
  An Orb Guardian (D)
  A draconian knight (D)
  A fire giant (D)
  2 balrugs (D)
  A bunyip (D)
  2 fire dragons (D)
  A yaktaur captain (D)
  A hydra (D)
  A deep troll earth mage (D)
  A deep elf pyromancer (D)
  A red devil (D)
  A small abomination (D)
  A foxfire (D)
20 creatures vanquished.

Grand Total: 493 creatures vanquished

Notes
Turn   | Place    | Note
-------+----------+-------------------------------------------
     0 | D        | bmack86 the Minotaur Fighter began the quest for the Orb.
     0 | D        | Reached XP level 1. HP: 19/19 MP: 0/0
    19 | D        | Noticed a howler monkey
    19 | D        | Noticed a hound
    21 | D        | Reached skill level 5 in Axes
    21 | D        | Reached XP level 2. HP: 28/28 MP: 1/1
    25 | D        | Reached skill level 5 in Fighting
    25 | D        | Reached XP level 3. HP: 34/37 MP: 2/2
    28 | D        | Reached XP level 4. HP: 43/45 MP: 3/3
    37 | D        | Found a snail-covered altar of Cheibriados.
    37 | D        | Found a shadowy altar of Dithmenos.
    37 | D        | Found a white marble altar of Elyvilon.
    37 | D        | Found a blossoming altar of Fedhas.
    37 | D        | Found an opulent altar of Gozag.
    38 | D        | Found a hazy altar of Hepliaklqana.
    39 | D        | Found a viscous altar of Jiyva.
    40 | D        | Found an ancient bone altar of Kikubaaqudgha.
    41 | D        | Found a corrupted altar of Lugonu.
    42 | D        | Found a burning altar of Makhleb.
    43 | D        | Found a sparkling altar of Nemelex Xobeh.
    44 | D        | Found an iron altar of Okawaru.
    45 | D        | Found a stormy altar of Qazlal.
    46 | D        | Found a sacrificial altar of Ru.
    47 | D        | Found a shimmering blue altar of Sif Muna.
    48 | D        | Found a bloodstained altar of Trog.
    49 | D        | Found a hide-covered altar of Uskayaw.
    50 | D        | Found a radiant altar of Vehumet.
    51 | D        | Found an ornate altar of the Wu Jian Council.
    52 | D        | Became a worshipper of Warmaster Okawaru
    53 | D        | Found a shimmering altar of Xom.
    54 | D        | Found a basalt altar of Yredelemnul.
    55 | D        | Found a glowing silver altar of Zin.
    56 | D        | Found a glowing golden altar of the Shining One.
    72 | D        | Got the +2 halberd of Linearity {antimagic, rF+ Stlth+}
   104 | D        | Noticed a centaur
   104 | D        | Noticed a kobold brigand
   104 | D        | Noticed an acid dragon
   104 | D        | Noticed a kobold brigand
   104 | D        | Noticed a kobold demonologist
   110 | D        | Reached skill level 1 in Invocations
   112 | D        | Killed a kobold demonologist
   112 | D        | Reached * piety under Okawaru
   112 | D        | Reached ** piety under Okawaru
   113 | D        | Reached XP level 5. HP: 38/57 MP: 1/7
   113 | D        | Reached XP level 6. HP: 42/63 MP: 1/8
   118 | D        | Reached skill level 5 in Invocations
   121 | D        | Killed an acid dragon
   122 | D        | Reached XP level 7. HP: 50/71 MP: 1/10
   130 | D        | Reached skill level 10 in Fighting
   130 | D        | Reached skill level 10 in Polearms
   268 | D        | Noticed a deep elf pyromancer
   268 | D        | Noticed a troll
   268 | D        | Noticed a centaur warrior
   268 | D        | Noticed a two-headed ogre
   268 | D        | Noticed a skeletal warrior
   268 | D        | Noticed a slime creature
   272 | D        | Noticed a fire elemental
   272 | D        | Killed a slime creature
   273 | D        | Reached skill level 1 in Throwing
   277 | D        | Killed a skeletal warrior
   277 | D        | Reached *** piety under Okawaru
   278 | D        | Reached XP level 8. HP: 73/82 MP: 1/12
   283 | D        | Killed a two-headed ogre
   283 | D        | Reached **** piety under Okawaru
   284 | D        | Reached skill level 10 in Armour
   284 | D        | Reached XP level 9. HP: 52/90 MP: 1/13
   286 | D        | Killed a deep elf pyromancer
   287 | D        | Reached skill level 5 in Throwing
   294 | D        | Killed a centaur warrior
   294 | D        | Reached ***** piety under Okawaru
   299 | D        | Killed a troll
   569 | D        | Noticed a komodo dragon
   571 | D        | Noticed a rime drake
   573 | D        | Noticed a cane toad
   574 | D        | Reached skill level 15 in Polearms
   586 | D        | Killed a komodo dragon
   586 | D        | Received a gift from Okawaru
   587 | D        | Reached XP level 10. HP: 97/101 MP: 2/16
   591 | D        | Killed a cane toad
   675 | D        | Noticed a skyshark
   675 | D        | Noticed a lindwurm
   675 | D        | Noticed a death yak
   683 | D        | Killed a death yak
   683 | D        | Received a gift from Okawaru
   684 | D        | Reached skill level 10 in Invocations
   688 | D        | Received a gift from Okawaru
   691 | D        | Killed a lindwurm
   692 | D        | Killed a skyshark
   824 | D        | Noticed an elephant
   824 | D        | Noticed an elephant
   824 | D        | Noticed an elephant
   824 | D        | Noticed an elephant
   824 | D        | Noticed a dire elephant
   824 | D        | Noticed an elephant
   827 | D        | Killed an elephant
   828 | D        | Killed an elephant
   828 | D        | Noticed an elephant
   830 | D        | Killed an elephant
   830 | D        | Killed an elephant
   831 | D        | Reached XP level 11. HP: 73/111 MP: 3/18
   836 | D        | Killed a dire elephant
   836 | D        | Received a gift from Okawaru
   843 | D        | Reached ****** piety under Okawaru
   851 | D        | Received a gift from Okawaru
   852 | D        | Reached skill level 15 in Fighting
  1182 | D        | Noticed an orc knight
  1182 | D        | Noticed an orc knight
  1186 | D        | Received a gift from Okawaru
  1186 | D        | Killed an orc knight
  1197 | D        | Killed an orc knight
  1198 | D        | Reached skill level 10 in Throwing
  1256 | D        | Found Zotug's Antique Armour Boutique.
  1256 | D        | Noticed a two-headed ogre
  1256 | D        | Noticed a two-headed ogre
  1256 | D        | Noticed an ogre mage
  1257 | D        | Noticed an ogre mage
  1259 | D        | Killed a two-headed ogre
  1259 | D        | Noticed a two-headed ogre
  1261 | D        | Killed a two-headed ogre
  1261 | D        | Killed a two-headed ogre
  1262 | D        | Reached skill level 15 in Armour
  1263 | D        | Killed an ogre mage
  1263 | D        | Noticed an ogre mage
  1264 | D        | Found Qonlol's Antique Armour Shop.
  1269 | D        | Killed an ogre mage
  1275 | D        | Killed an ogre mage
  1275 | D        | Received a gift from Okawaru
  1276 | D        | Reached XP level 12. HP: 72/122 MP: 5/20
  1281 | D        | Found Jiufopaz's Antique Armour Boutique.
  1285 | D        | Found Bidacs's Distillery.
  1288 | D        | Noticed an ogre mage
  1289 | D        | Noticed an ogre mage
  1290 | D        | Noticed a two-headed ogre
  1292 | D        | Noticed a two-headed ogre
  1301 | D        | Killed an ogre mage
  1302 | D        | Bought a pair of heavily runed boots for 218 gold pieces
  1302 | D        | Identified the +1 pair of boots "Arareh" {Regen+} (You
                  | bought it in a shop in the Dungeon)
  1302 | D        | Bought a pair of spiked gloves for 218 gold pieces
  1302 | D        | Identified the +0 pair of gloves "Roahur" {rCorr Dex+3}
                  | (You bought it in a shop in the Dungeon)
  1306 | D        | Killed an ogre mage
  1311 | D        | Killed a two-headed ogre
  1313 | D        | Killed a two-headed ogre
  1313 | D        | Received a gift from Okawaru
  1317 | D        | Bought a potion of magic for 104 gold pieces
  1317 | D        | Bought 2 potions of curing for 78 gold pieces
  1317 | D        | Bought a potion of might for 52 gold pieces
  1317 | D        | Bought a potion of heal wounds for 65 gold pieces
  1317 | D        | Bought 2 potions of curing for 78 gold pieces
  1510 | D        | Bought a pair of shimmering gloves for 266 gold pieces
  1510 | D        | Identified the +0 pair of gloves "Loalob" {Will+ Dex+4
                  | Stlth+} (You bought it in a shop in the Dungeon)
  1657 | D        | Found the +8 trishula "Condemnation" {holy, anguish, *Noise
                  | Fly rN+}
  1753 | D        | Noticed a death knight
  1753 | D        | Noticed a tengu warrior
  1753 | D        | Noticed a centaur warrior
  1753 | D        | Noticed a catoblepas
  1759 | D        | Reached skill level 1 in Maces & Flails
  1771 | D        | Noticed a deep troll earth mage
  1773 | D        | Killed a catoblepas
  1773 | D        | Identified the +7 bardiche of Kyemeil {pain, rC+ Will-
                  | Dex+2} (Okawaru gifted it to you in the Dungeon)
  1773 | D        | Received a gift from Okawaru
  1784 | D        | Killed a centaur warrior
  1785 | D        | Noticed a stone giant
  1790 | D        | Killed a tengu warrior
  1791 | D        | Reached skill level 5 in Maces & Flails
  1800 | D        | Killed a death knight
  1808 | D        | Killed a deep troll earth mage
  1819 | D        | Killed a stone giant
  1823 | D        | Received a gift from Okawaru
  1824 | D        | Noticed a spriggan air mage
  1824 | D        | Noticed a fire giant
  1825 | D        | Noticed a fire giant
  1834 | D        | Killed a spriggan air mage
  1840 | D        | Killed a fire giant
  1845 | D        | HP: 6/127 [deep elf pyromancer/bolt of fire (24)]
  1847 | D        | Killed a fire giant
  1959 | D        | Noticed Frances
  1972 | D        | Killed Frances
  1973 | D        | Reached skill level 10 in Maces & Flails
  1981 | D        | Noticed Snorg
  1993 | D        | Killed Snorg
  1994 | D        | Reached XP level 13. HP: 98/134 MP: 22/22
  1995 | D        | Noticed Eustachio
  2004 | D        | Killed Eustachio
  2048 | D        | Noticed a merfolk impaler
  2064 | D        | Killed a merfolk impaler
  2107 | D        | Noticed a bunyip
  2112 | D        | Reached skill level 15 in Invocations
  2115 | D        | Killed a bunyip
  2116 | D        | Noticed a bunyip
  2129 | D        | Killed a bunyip
  2245 | D        | Received a gift from Okawaru
  2248 | D        | Reached skill level 15 in Maces & Flails
  2250 | D        | Received a gift from Okawaru
  2296 | D        | Killed a ghost moth
  2320 | D        | Reached skill level 15 in Throwing
  2446 | D        | Noticed Saint Roka
  2462 | D        | Killed Saint Roka
  2462 | D        | Received a gift from Okawaru
  2463 | D        | Reached XP level 14. HP: 58/148 MP: 24/24
  2540 | D        | Noticed Azrael
  2556 | D        | Killed Azrael
  2629 | D        | Noticed a frost giant
  2629 | D        | Noticed a frost giant
  2629 | D        | Noticed a spriggan defender
  2632 | D        | Received a gift from Okawaru
  2633 | D        | Killed a frost giant
  2634 | D        | Reached skill level 5 in Shields
  2635 | D        | Noticed a sphinx
  2638 | D        | Killed a spriggan defender
  2640 | D        | Killed a frost giant
  2644 | D        | Received a gift from Okawaru
  2647 | D        | Killed a sphinx
  2647 | D        | Noticed a frost giant
  2650 | D        | Noticed a stone giant
  2658 | D        | Noticed a stone giant
  2667 | D        | Killed a frost giant
  2674 | D        | Killed a stone giant
  2695 | D        | Killed a stone giant
  2725 | D        | Reached skill level 10 in Shields
  2789 | D        | Noticed an ironbound preserver
  2789 | D        | Noticed a sphinx
  2793 | D        | Identified the +9 flail of the Blue Skies {spect, Int+4}
                  | (Okawaru gifted it to you in the Dungeon)
  2793 | D        | Received a gift from Okawaru
  2794 | D        | Noticed a white very ugly thing
  2795 | D        | Noticed an ironbound preserver
  2798 | D        | Killed a sphinx
  2811 | D        | Killed an ironbound preserver
  2820 | D        | Killed a white very ugly thing
  2821 | D        | Noticed an ironbound preserver
  2822 | D        | Killed an ironbound preserver
  2845 | D        | Killed an ironbound preserver
  2956 | D        | Noticed a vault warden
  2958 | D        | Noticed an ironbound preserver
  2965 | D        | Identified the scarf "Dyon" {repulsion, rF+ Slay+2}
                  | (Okawaru gifted it to you in the Dungeon)
  2965 | D        | Received a gift from Okawaru
  2976 | D        | Killed an ironbound preserver
  2978 | D        | Killed a vault warden
  2984 | D        | Noticed an Orb Guardian
  2998 | D        | Noticed an Orb Guardian
  2998 | D        | Noticed an ancient lich
  2998 | D        | Noticed a Killer Klown
  3009 | D        | Killed an Orb Guardian
  3010 | D        | Reached XP level 15. HP: 156/160 MP: 21/25
  3012 | D        | Killed an Orb Guardian
  3026 | D        | Killed an ancient lich
  3040 | D        | Killed a Killer Klown
  3041 | D        | Reached skill level 15 in Shields
  3194 | D        | Found the +8 lance "Wyrmbane" {slay drac, rPois rF+ rC+
                  | AC+3}
  3252 | D        | Got the +0 hat "Juphiyd" {rPois rC- Str+4}
  3327 | D        | Noticed Rupert
  3341 | D        | Killed Rupert
  3471 | D        | Received a gift from Okawaru
  3491 | D        | Got a decaying rune of Zot
  3535 | D        | Noticed Ilsuiw
  3588 | D        | Killed Ilsuiw
  3595 | D        | Identified the +0 hat "Ajimoiz" {Harm Slay+3} (Okawaru
                  | gifted it to you in the Dungeon)
  3595 | D        | Received a gift from Okawaru
  3631 | D        | Got a barnacled rune of Zot
  3688 | D        | Noticed an emperor scorpion
  3705 | D        | Killed an emperor scorpion
  3716 | D        | Got a gossamer rune of Zot
  3837 | D        | Noticed a nagaraja
  3837 | D        | Noticed a nagaraja
  3837 | D        | Noticed a nagaraja
  3837 | D        | Noticed a nagaraja
  3841 | D        | Killed a nagaraja
  3841 | D        | Killed a nagaraja
  3842 | D        | Noticed a nagaraja
  3844 | D        | Killed a nagaraja
  3845 | D        | Killed a nagaraja
  3846 | D        | Noticed a nagaraja
  3848 | D        | Killed a nagaraja
  3850 | D        | Killed a nagaraja
  3851 | D        | Reached XP level 16. HP: 157/174 MP: 20/27
  3876 | D        | Got a serpentine rune of Zot
  3913 | D        | Noticed Jory
  3920 | D        | Killed Jory
  3932 | D        | Noticed Margery
  3941 | D        | Received a gift from Okawaru
  3958 | D        | Killed Margery
  3969 | D        | Received a gift from Okawaru
  4002 | D        | Noticed Louise
  4014 | D        | Killed Louise
  4014 | D        | Received a gift from Okawaru
  4079 | D        | Received a gift from Okawaru
  4102 | D        | Identified the +1 cloak of the Serpent {Int+3} (Okawaru
                  | gifted it to you in the Dungeon)
  4102 | D        | Received a gift from Okawaru
  4172 | D        | Noticed a tengu reaver
  4190 | D        | Killed a tengu reaver
  4191 | D        | Noticed a shadow dragon
  4204 | D        | Noticed a shadow dragon
  4212 | D        | Killed a shadow dragon
  4221 | D        | Killed a shadow dragon
  4293 | D        | Noticed a shadow dragon
  4293 | D        | Noticed a titan
  4293 | D        | Noticed a shadow dragon
  4296 | D        | Noticed a shadow dragon
  4307 | D        | Killed a shadow dragon
  4310 | D        | Noticed an ancient lich
  4313 | D        | Noticed a shadow dragon
  4320 | D        | Killed a titan
  4325 | D        | Killed an ancient lich
  4326 | D        | Reached XP level 17. HP: 134/190 MP: 29/29
  4331 | D        | Identified the +3 quarterstaff of Infinity {drain, Int+3}
                  | (Okawaru gifted it to you in the Dungeon)
  4331 | D        | Received a gift from Okawaru
  4332 | D        | Identified the +8 quarterstaff of Righteous Anger {freeze,
                  | Dex-4 SInv Stlth+}
  4349 | D        | Got a silver rune of Zot
  4429 | D        | Identified the staff of cold "Ocilen" {*Slow rC+ Int+2
                  | Dex+5 SInv}
  4461 | D        | Noticed Frederick
  4471 | D        | Killed Frederick
  4488 | D        | Noticed Mara
  4489 | D        | Noticed bmack86's illusion
  4499 | D        | Noticed Nergalle
  4504 | D        | Killed Mara
  4507 | D        | Killed Nergalle
  4549 | D        | Got the amulet of Riuskous {Reflect rF- rN+ Regen+ SH+5}
  4556 | D        | Got the ring of the Floral Tangerine {rPois Int+3 Slay+2}
  4560 | D        | Got the ring of Divine Compulsion {Fly rCorr Str+3 Int-3
                  | Slay+5}
  4562 | D        | Got the ring of Miezuzay {Drain rElec rC++ rN+++ Str+3}
  4568 | D        | Found the +16 obsidian axe {drain, demonic, Mesm Drain Fly
                  | SInv}
  4672 | D        | Noticed Agnes
  4676 | D        | Killed Agnes
  4682 | D        | Noticed Xtahua
  4687 | D        | Killed Xtahua
  4775 | D        | Reached skill level 27 in Fighting
  4778 | D        | Received a gift from Okawaru
  4810 | D        | Reached skill level 27 in Armour
  4810 | D        | Reached skill level 27 in Shields
  4815 | D        | Received a gift from Okawaru
  4853 | D        | Received a gift from Okawaru
  4881 | D        | Reached skill level 27 in Polearms
  4910 | D        | Noticed a tentacled monstrosity
  4920 | D        | Received a gift from Okawaru
  4936 | D        | Killed a tentacled monstrosity
  4986 | D        | Noticed a tentacled monstrosity
  4986 | D        | Noticed a golden dragon
  4996 | D        | Killed a golden dragon
  4997 | D        | Noticed a quicksilver dragon
  5000 | D        | Killed a tentacled monstrosity
  5032 | D        | Killed a quicksilver dragon
  5048 | D        | Noticed an electric golem
  5048 | D        | Noticed a quicksilver dragon
  5054 | D        | Killed a quicksilver dragon
  5073 | D        | Killed an electric golem
  5334 | D        | Noticed a tentacled monstrosity
  5339 | D        | Killed a tentacled monstrosity
  5343 | D        | Noticed a tentacled monstrosity
  5361 | D        | Killed a tentacled monstrosity
  5362 | D        | Reached XP level 18. HP: 199/200 MP: 27/33
  5462 | D        | Noticed an Orb Guardian
  5462 | D        | Noticed an Orb Guardian
  5462 | D        | Noticed an Orb Guardian
  5462 | D        | Noticed an Orb Guardian
  5462 | D        | Noticed an Orb Guardian
  5467 | D        | Killed an Orb Guardian
  5467 | D        | Received a gift from Okawaru
  5469 | D        | Killed an Orb Guardian
  5469 | D        | Killed an Orb Guardian
  5470 | D        | Reached skill level 27 in Throwing
  5471 | D        | Killed an Orb Guardian
  5471 | D        | Identified the +0 cloak "Fanawk" {Drain rPois rCorr}
                  | (Okawaru gifted it to you in the Dungeon)
  5471 | D        | Received a gift from Okawaru
  5471 | D        | Noticed an Orb Guardian
  5473 | D        | Noticed an Orb Guardian
  5474 | D        | Killed an Orb Guardian
  5474 | D        | Killed an Orb Guardian
  5475 | D        | Noticed an Orb Guardian
  5476 | D        | Noticed an Orb Guardian
  5478 | D        | Killed an Orb Guardian
  5479 | D        | Reached skill level 27 in Invocations
  5479 | D        | Reached skill level 1 in Dodging
  5479 | D        | Reached skill level 1 in Stealth
  5479 | D        | Reached skill level 1 in Evocations
  5480 | D        | Killed an Orb Guardian
  5482 | D        | Killed an Orb Guardian
  5496 | D        | Noticed an Orb Guardian
  5496 | D        | Noticed an Orb Guardian
  5496 | D        | Noticed a tentacled monstrosity
  5498 | D        | Killed an Orb Guardian
  5499 | D        | Reached skill level 5 in Dodging
  5499 | D        | Noticed an Orb Guardian
  5502 | D        | Noticed an Orb Guardian
  5503 | D        | Killed a tentacled monstrosity
  5504 | D        | Reached skill level 5 in Stealth
  5504 | D        | Reached skill level 5 in Evocations
  5506 | D        | Killed an Orb Guardian
  5506 | D        | Killed an Orb Guardian
  5510 | D        | Killed an Orb Guardian
  5526 | D        | Noticed an ancient lich
  5534 | D        | Killed an ancient lich
  5537 | D        | Noticed an orb of fire
  5545 | D        | Killed an orb of fire
  5546 | D        | Reached skill level 10 in Dodging
  5548 | D        | Noticed an electric golem
  5552 | D        | Killed an electric golem
  5554 | D        | Noticed an ancient lich
  5554 | D        | Noticed an orb of fire
  5554 | D        | Noticed a tentacled monstrosity
  5555 | D        | Noticed a golden dragon
  5558 | D        | Noticed an orb of fire
  5559 | D        | Killed a tentacled monstrosity
  5560 | D        | Reached skill level 10 in Stealth
  5560 | D        | Reached skill level 10 in Evocations
  5560 | D        | Killed an orb of fire
  5560 | D        | Killed an ancient lich
  5560 | D        | Killed an orb of fire
  5560 | D        | Identified the +9 glaive of the Spider Nest {heavy, Dex+3}
                  | (Okawaru gifted it to you in the Dungeon)
  5560 | D        | Received a gift from Okawaru
  5563 | D        | Noticed an Orb Guardian
  5564 | D        | Noticed an orb of fire
  5566 | D        | Killed an Orb Guardian
  5568 | D        | Killed a golden dragon
  5569 | D        | Reached skill level 15 in Dodging
  5569 | D        | Killed an orb of fire
  5601 | D        | Noticed an Orb Guardian
  5601 | D        | Noticed an Orb Guardian
  5601 | D        | Noticed an Orb Guardian
  5601 | D        | Noticed an Orb Guardian
  5601 | D        | Noticed an Orb Guardian
  5601 | D        | Noticed an Orb Guardian
  5604 | D        | Killed an Orb Guardian
  5604 | D        | Killed an Orb Guardian
  5605 | D        | Killed an Orb Guardian
  5605 | D        | Killed an Orb Guardian
  5606 | D        | Killed an Orb Guardian
  5606 | D        | Killed an Orb Guardian
  5607 | D        | Noticed an Orb Guardian
  5607 | D        | Noticed an Orb Guardian
  5609 | D        | Noticed an Orb Guardian
  5611 | D        | Killed an Orb Guardian
  5611 | D        | Noticed an Orb Guardian
  5612 | D        | Reached skill level 15 in Stealth
  5612 | D        | Reached skill level 15 in Evocations
  5613 | D        | Killed an Orb Guardian
  5613 | D        | Identified the +8 flail "Tifoergh" {heavy, Int+3 SInv}
                  | (Okawaru gifted it to you in the Dungeon)
  5613 | D        | Received a gift from Okawaru
  5614 | D        | Reached XP level 19. HP: 193/207 MP: 33/35
  5641 | D        | Got the Orb of Zot
  5840 | D        | Noticed a Tzitzimitl
  5845 | D        | Killed a Tzitzimitl
  6044 | D        | Noticed a Tzitzimitl
  6050 | D        | Killed a Tzitzimitl
  6130 | D        | Noticed a Tzitzimitl
  6138 | D        | Killed a Tzitzimitl
  6158 | D        | Noticed Koajovel the pandemonium lord
  6166 | D        | Killed Koajovel the pandemonium lord
  6336 | D        | Noticed Nuxoddyi the pandemonium lord
  6343 | D        | Killed Nuxoddyi the pandemonium lord
  6343 | D        | Identified the +2 pair of gloves "Dofil" {Dex+3} (Okawaru
                  | gifted it to you in the Dungeon)
  6343 | D        | Received a gift from Okawaru
  6413 | D        | Noticed Saup Cig the pandemonium lord
  6420 | D        | Killed Saup Cig the pandemonium lord
  6546 | D        | Noticed a Tzitzimitl
  6554 | D        | Killed a Tzitzimitl
  6893 | D        | Noticed Obetae the pandemonium lord
  6904 | D        | Killed Obetae the pandemonium lord
  6975 | D        | Noticed a Brimstone Fiend
  6980 | D        | Killed a Brimstone Fiend
  6982 | D        | Noticed Jicvaiw the pandemonium lord
  6993 | D        | Killed Jicvaiw the pandemonium lord
  7080 | D        | Noticed a Brimstone Fiend
  7086 | D        | Killed a Brimstone Fiend
  7498 | D        | Identified the scarf "Sorosas" {rC+ rF+, rPois rCorr Str-2
                  | Stlth+} (Okawaru gifted it to you in the Dungeon)
  7498 | D        | Received a gift from Okawaru
  7603 | D        | Noticed a Brimstone Fiend
  7614 | D        | Killed a Brimstone Fiend
  7902 | D        | Escaped with the Orb!

Illustrated notes

Levels and vault maps discovered:
D:        linesprint [early_d, line_temple, items_1, d_10, items_2, lair_1,
          lair_end, items_3, orc_1, orc_end, items_4, d_15, swamp_1, shoals_1,
          snake_1, spider_1, d_20, vaults_1, items_5, swamp_end, shoals_end,
          snake_end, spider_end, vaults_end, d_27, items_6, zot_1, zot_end,
          crypt_end, forest_end, elf_end, slime_end, tomb_end, abyss_end,
          pan_hell_end]

Skill      XL: |  1  2  3  4  5  6  7  8  9 10 11 12 13 14 15 16 17 18 19 |
---------------+----------------------------------------------------------+-----
Axes           | 5 7 8 |  8.7
Fighting       | 4 5 6 9 11 13 14 16 18 20 22 24 26 27 | 27.0
Polearms       | 8 9 12 13 15 17 20 21 22 25 27 | 27.0
Armour         | 6 7 9 10 12 13 15 17 19 21 23 26 27 | 27.0
Invocations    | 4 5 7 9 11 12 14 15 16 19 25 27 | 27.0
Throwing       | 3 4 6 9 11 12 15 17 19 21 26 27 | 27.0
Maces & Flails | 10 17 21 22 | 22.4
Shields        | 13 20 25 27 | 27.0
Dodging        | 18 26 | 26.2
Stealth        | 15 22 | 22.5
Evocations     | 15 22 | 22.5

Action                     |  1- 3 |  4- 6 |  7- 9 | 10-12 | 13-15 | 16-18 | 19-21 || total
---------------------------+-------+-------+-------+-------+-------+-------+-------++-------
  Melee: War axe           |    17 |     3 |       |       |       |       |       ||    20
         Headbutt          |     2 |     6 |     8 |    46 |   135 |   139 |    72 ||   408
         Halberd           |       |    14 |    54 |   106 |       |       |       ||   174
         Trishula          |       |       |       |    83 |   310 |   416 |   224 ||  1033
         Lance             |       |       |       |       |   146 |    35 |       ||   181
  Throw: Javelin           |       |       |       |    22 |    42 |    61 |       ||   125
         Dart              |       |       |       |     2 |    13 |       |       ||    15
 Invoke: Heroism           |       |       |     2 |     7 |    10 |     9 |       ||    28
         Finesse           |       |       |       |     2 |     8 |     8 |       ||    18
    Use: Potion            |       |     2 |       |     2 |     8 |     2 |       ||    14
         Scroll            |       |       |       |     4 |     8 |     5 |       ||    17
   Stab: Petrified         |       |       |       |     1 |       |       |       ||     1
         Sleeping          |       |       |       |       |       |     1 |       ||     1
         Distracted        |       |       |       |       |       |       |     1 ||     1
 Armour: Scale mail        |     9 |     2 |       |       |       |       |       ||    11
         Plate armour      |       |     5 |    27 |    72 |   133 |    75 |    26 ||   338
  Dodge: Dodged            |     5 |    13 |    20 |    65 |    83 |    41 |    27 ||   254
         Repelled          |       |       |       |       |     1 |     8 |     1 ||    10
  Block: Buckler           |     5 |       |       |       |       |       |       ||     5
         Tower shield      |       |       |       |    31 |   257 |   264 |   168 ||   720
         Reflection        |       |       |       |       |       |     3 |       ||     3

Table legend: (Time is in decaauts)
 A = Elapsed time spent in this place.
 B = Non-inter-level travel time spent in this place.
 C = Inter-level travel time spent in this place.
 D = Time resting spent in this place.
 E = Time spent auto-exploring this place.
 F = Levels seen in this place.
 G = Mean time per level.
                   A        B        C        D        E       F      G
               +--------+--------+--------+--------+--------+-----+--------+
         Total |   7150 |   7150 |      0 |   2099 |     36 |   1 | 7150.0 |
       Dungeon |   7150 |   7150 |      0 |   2099 |     36 |   1 | 7150.0 |
               +--------+--------+--------+--------+--------+-----+--------+

Top non-repeatable levels by time:
       D: 7150 daAuts
